 Dungeon Crawl Stone Soup version 0.30-b1-2-g02819fbbbe (webtiles) character file.

Game seed: 6259484298764580397

131479 LLlMATKO the Warrior (level 16, -7/232 HPs)
             Began as a Minotaur Berserker on June 12, 2023.
             Was a High Priest of Trog.
             Mangled by a goliath frog (10 damage)
             ... on level 1 of the Swamp on June 13, 2023.
             The game lasted 00:36:46 (22801 turns).

LLlMATKO the Warrior (Minotaur Berserker)          Turns: 22801, Time: 00:36:46

Health: -7/232     AC: 22    Str: 28    XL:     16   Next: 55%
Magic:  15/15      EV: 14    Int:  4    God:    Trog [*****.]
Gold:   2785       SH:  0    Dex: 12    Spells: 15/15 levels left

rFire   + . .        U - +6 battleaxe (flame)
rCold   + + .        (shield currently unavailable)
rNeg    . . .        z - +0 plate armour
rPois   +            S - +1 hat
rElec   .            (no cloak)
rCorr   .            O - +2 pair of gloves
SInv    .            R - +2 pair of boots {Fly}
Will    +....        E - amulet of regeneration Stlth
                     m - ring "Jocat" {rF+ rC++}
HPRegen 1.38/turn    s - ring of poison resistance
MPRegen 0.14/turn

%: no passive effects
@: berserking (expiring), corroded, flying, slowed
A: horns 2, retaliatory headbutt
a: Renounce Religion, Berserk, Trog's Hand, Brothers in Arms


You were on level 1 of the Swamp.
You worshipped Trog.
Trog was extremely pleased with you.
You visited 4 branches of the dungeon, and saw 24 of its levels.
You also visited: Bailey.

You collected 3145 gold pieces.
You spent 360 gold pieces at shops.

Inventory:

Hand Weapons
 c - the +7 halberd of Theory {heavy, rC+}
   (You found it on level 10 of the Dungeon)

   rC:        It protects you from cold.
 n - the +1 executioner's axe of Insomnia {flame, *Corrode rF+++ Will- Str+8}
   (You found it in a bailey)

   Str:       It affects your strength (+8).
   rF:        It renders you almost immune to fire.
   *Corrode:  It may corrode you when you take damage.
   Will:      It decreases your willpower.
 G - the +2 broad axe of Maefup {heavy, rElec rC+}
   (Trog gifted it to you on level 5 of the Lair of Beasts)

   rC:        It protects you from cold.
   rElec:     It insulates you from electricity.
 U - a +6 battleaxe of flaming (weapon)
Missiles
 b - a throwing net
 e - 2 atropa-tipped darts (quivered)
 k - 51 poisoned darts
 H - 21 javelins
 M - 6 datura-tipped darts
Armour
 f - a +1 pair of boots of rampaging
 z - a +0 plate armour (worn)
 B - a +1 chain mail of willpower
 N - a +0 tower shield
 O - a +2 pair of gloves (worn)
 Q - the +18 Lear's hauberk
   (You found it on level 9 of the Dungeon)
 R - a +2 pair of boots of flying (worn)
 S - a +1 hat (worn)
Jewellery
 m - the ring "Jocat" (left hand) {rF+ rC++}
   (You found it on level 14 of the Dungeon)

   [ring of protection from fire]

   rF:        It protects you from fire.
   rC:        It greatly protects you from cold.
 r - a +5 ring of evasion
 s - a ring of poison resistance (right hand)
 w - a ring of see invisible
 E - an amulet of regeneration (around neck)
 K - an amulet of the acrobat
 L - an amulet of reflection
 T - a +5 ring of evasion
 V - a ring of fire
 Y - a ring of flight
Wands
 a - a wand of charming (5)
 g - a wand of mindburst (5)
 u - a wand of light (26)
 y - a wand of roots (14)
 F - a wand of flame (30)
 Z - a wand of polymorph (7)
Scrolls
 l - 8 scrolls of identify
 o - 2 scrolls of enchant armour
 q - 5 scrolls of magic mapping
 t - 6 scrolls of butterflies
 v - 2 scrolls of fog
 x - 3 scrolls of teleportation
 I - a scroll of enchant weapon
 P - a scroll of fear
 X - a scroll of poison
Potions
 d - 2 potions of flight {unknown}
 h - a potion of berserk rage
 i - 11 potions of curing
 j - 7 potions of heal wounds
 p - 4 potions of haste
 A - a potion of cancellation
 C - 3 potions of ambrosia
 D - 3 potions of invisibility
 J - a potion of resistance
 W - 6 potions of might


   Skills:
 + Level 17.0 Fighting
 + Level 16.9 Axes
 + Level 16.7 Armour
 + Level 15.4 Dodging
 + Level 11.7 Shields


You had 15 spell levels left.
You didn't know any spells.
Your spell library was empty.

Dungeon Overview and Level Annotations

Branches:
Dungeon (15/15)            Temple (0/1) D:7            Lair (5/5) D:10
  Swamp (2/4) Lair:2        Snake (0/4) Lair:2        Slime (0/5) Lair:5
    Orc (2/2) D:11            Elf (0/3) Orc:2        Vaults (0/5) D:13
 Depths (0/4) D:15         Bailey (visited)

Altars:
Dithmenos
Fedhas
Hepliaklqana
Makhleb
Nemelex Xobeh
Sif Muna
Vehumet
Wu Jian
Xom
Yredelemnul
Jiyva

Shops:
D:1 *   D:3 (   D:10 *   D:11 (   Orc:2 [*[=(


Innate Abilities, Weirdness & Mutations

You have a pair of horns on your head.
You reflexively headbutt those who attack you in melee.


Message History

You feel the power of Trog in you as your rage grows.
You kill the alligator!
Trog accepts your kill.
The goliath frog hits you but does no damage.
Your Fighting skill increases to level 17!
The goliath frog hits you but does no damage.
You see here an alligator corpse.
You are too injured to fight recklessly!
Unknown command.
You are too injured to fight recklessly!
You are too injured to fight recklessly!
Unknown command.
You are too injured to fight recklessly!
Unknown command.
You closely miss the goliath frog. You slash the alligator!
You burn the alligator. The alligator closely misses you.
You furiously retaliate!
You headbutt the alligator! The alligator tail-slaps you!
* * * LOW HITPOINT WARNING * * *
The goliath frog hits you but does no damage.
Unknown command.
You hit the goliath frog. You burn the goliath frog.
The goliath frog is moderately wounded.
You hit the alligator. You burn the alligator.
A goliath frog comes into view.
The alligator bites you.
* * * LOW HITPOINT WARNING * * *
The alligator tail-slaps you but does no damage.
The goliath frog hits you!!
* * * LOW HITPOINT WARNING * * *
You are splashed with acid!
* * * LOW HITPOINT WARNING * * *
The goliath frog moves out of view.
You barely miss the goliath frog. You headbutt the goliath frog.
The goliath frog is moderately wounded.
You barely miss the alligator.
The alligator bites you but does no damage.
The alligator tail-slaps you but does no damage.
The goliath frog hits you!
You die...

♣.♣ ♣.♣ ♣~♣ ♣.♣ ♣.♣ ♣♣.♣♣ ♣.~~♣
♣.♣ .~. ♣♣@♣ ♣.♣ ♣tF♣ ♣♣♣.♣ ~~
♣♣ ♣~w♣ ♣♣~..♣♣ .~ ~.♣♣ ♣(~♣n
♣.~~..♣♣ ♣♣.~♣♣~..~♣
~..~§~♣♣♣♣.~~~~.♣
♣~.~~~~§~~$.~~~......~.♣~..♣♣
.~.~~~~~~.~§.~♣♣~.§♣~~.~..~~♣♣
~...~~♣~~.~...~~§~~~~~.~.♣...♣
~.♣.~♣~§~~~~~.~.~..~.~..~♣♣..♣♣
♣


You could see an alligator (swift), a tyrant leech, a goliath frog and a bog
body.

Vanquished Creatures
  2 orc warlords (Orc:1)
  A bunyip (Swamp:1)
  A fire dragon (D:15)
  7 vault guards (D:13)
  An ice dragon (D:15)
  The ghost of dxctxrx the Covert, a journeyman MfBr of Uskayaw (D:10)
  An ogre mage (D:15)
  A catoblepas (Lair:5)
  4 hydras
  A spriggan air mage (Swamp:1)
  4 centaur warriors
  7 two-headed ogres
  An alligator (Swamp:1)
  5 boulder beetles
  A tengu warrior (D:9)
  10 death yaks (Lair:5)
  An orc high priest (Orc:2)
  2 skysharks
  A deep troll (Orc:2)
  A spriggan druid (Swamp:1)
  2 bog bodies
  A wizard (D:15)
  9 ugly things
  A lindwurm (Lair:4)
  2 deep elf pyromancers
  18 orc knights
  4 orc sorcerers
  A will-o-the-wisp (Swamp:1)
  5 cyclopes
  6 black mambas
  4 elephants
  Joseph (D:7)
  A salamander (shapeshifter) (D:14)
  An unseen horror (D:10)
  13 cane toads
  A rime drake (Lair:5)
  A kobold demonologist (D:12)
  7 komodo dragons
  An efreet (D:15)
  A freezing wraith (D:13)
  3 meliai (D:15)
  6 trolls
  A hornet (Lair:5)
  2 tyrant leeches (Swamp:1)
  6 polar bears
  11 dream sheep
  8 blink frogs
  3 shadows
  10 slime creatures
  A ynoxinul (D:10)
  Sigmund (D:2)
  13 spriggans (Lair:5)
  A wyvern (shapeshifter) (D:13)
  A wraith (D:12)
  3 wyverns
  60 yaks
  4 vampire mosquitoes (D:10)
  5 basilisks
  2 steam dragons
  2 swamp worms (Swamp:1)
  12 wargs
  19 water moccasins
  2 acid dragons
  3 ice beasts
  62 orc warriors
  4 black bears
  11 ogres
  A sky beast (D:7)
  8 boggarts
  4 centaurs
  25 wolves
  A phantom (D:5)
  5 kobold brigands
  8 bullfrogs
  A gnoll sergeant (D:10)
  6 scorpions
  6 killer bees (D:8)
  7 howler monkeys
  2 electric eels
  A jelly (D:5)
  19 orc priests
  A gnoll bouda (D:5)
  3 hounds (D:5)
  2 sleepcaps (D:6)
  An iguana (D:5)
  23 orc wizards
  14 adders
  8 gnolls
  2 shadow imps
  4 white imps
  3 ufetubi
  2 worms
  2 dart slugs
  129 orcs
  3 ball pythons (D:1)
  12 endoplasms
  3 giant cockroaches
  15 goblins
  5 hobgoblins
  7 jackals
  24 kobolds
  2 quokkas
  8 bats
  4 frilled lizards
  6 rats
766 creatures vanquished.

Vanquished Creatures (collateral kills)
  An orc warlord (Orc:2)
  A vault guard (D:13)
  The ghost of vatarom the Changer, a novice NaTm of Cheibriados (D:9)
  2 orc sorcerers (Orc:1)
  A troll (Orc:1)
  2 wargs (Orc:1)
  11 orc warriors
  An ogre (Orc:1)
  2 orc priests (Orc:2)
  An orc wizard (Orc:1)
  13 orcs
36 creatures vanquished.

Vanquished Creatures (others)
  2 bloated husks (Swamp:1)
  An orc wizard (Orc:1)
  2 foxfires (Swamp:1)
  15 fungi
  70 plants
90 creatures vanquished.

Grand Total: 892 creatures vanquished

Notes
Turn   | Place    | Note
-------+----------+-------------------------------------------
     0 | D:1      | LLlMATKO the Minotaur Berserker began the quest for the
                  | Orb.
     0 | D:1      | Reached XP level 1. HP: 19/19 MP: 0/0
    86 | D:1      | You fall into a shaft and drop 1 floor!
   118 | D:2      | Reached XP level 2. HP: 27/27 MP: 1/1
   119 | D:2      | Reached skill level 4 in Fighting
   154 | D:2      | Noticed Sigmund
   172 | D:2      | Killed Sigmund
   173 | D:2      | Reached XP level 3. HP: 35/35 MP: 2/2
   173 | D:2      | Reached XP level 4. HP: 41/41 MP: 3/3
   173 | D:2      | Reached XP level 5. HP: 47/47 MP: 4/4
   568 | D:1      | Reached skill level 5 in Axes
   568 | D:1      | Found Dionoteo's Assorted Antiques.
   601 | D:1      | Reached skill level 5 in Fighting
   606 | D:1      | Reached ** piety under Trog
  1483 | D:3      | Reached XP level 6. HP: 44/56 MP: 5/5
  1783 | D:3      | Found Sofit's Weapon Emporium.
  2163 | D:4      | Found a shadowy altar of Dithmenos.
  2178 | D:4      | Found a burning altar of Makhleb.
  2178 | D:4      | Found a basalt altar of Yredelemnul.
  2627 | D:4      | Reached *** piety under Trog
  2743 | D:4      | Found an ornate altar of the Wu Jian Council.
  2744 | D:4      | Found a blossoming altar of Fedhas.
  2745 | D:4      | Found a hazy altar of Hepliaklqana.
  2746 | D:4      | Found a sparkling altar of Nemelex Xobeh.
  2747 | D:4      | Found a shimmering altar of Xom.
  2949 | D:5      | Entered Level 5 of the Dungeon
  2954 | D:5      | Reached XP level 7. HP: 62/62 MP: 6/6
  2968 | D:5      | Reached skill level 5 in Armour
  3036 | D:5      | Reached skill level 6 in Fighting
  3177 | D:5      | Reached skill level 5 in Dodging
  3644 | D:5      | Reached XP level 8. HP: 67/71 MP: 7/7
  3869 | D:5      | Reached skill level 7 in Fighting
  3928 | D:5      | Identified the staff of poison "Xaepugumn" {rPois rF- Will+
                  | Str+3}
  4430 | D:6      | Reached skill level 8 in Fighting
  4430 | D:6      | Reached XP level 9. HP: 71/81 MP: 8/8
  4508 | D:6      | Reached **** piety under Trog
  4895 | D:7      | Noticed Joseph
  4906 | D:7      | Killed Joseph
  5369 | D:7      | Reached skill level 9 in Fighting
  5596 | D:7      | Found a staircase to the Ecumenical Temple.
  6080 | D:8      | Reached ***** piety under Trog
  6200 | D:8      | Reached XP level 10. HP: 91/91 MP: 9/9
  6653 | D:9      | Noticed a two-headed ogre
  6659 | D:9      | Killed a two-headed ogre
  6680 | D:9      | Found a runed translucent gate.
  6682 | D:9      | Found a runed translucent gate.
  6746 | D:9      | Noticed a tengu warrior
  6756 | D:9      | Killed a tengu warrior
  6757 | D:9      | Reached skill level 10 in Fighting
  6757 | D:9      | Reached skill level 10 in Axes
  6995 | D:9      | Noticed vatarom's ghost (novice NaTm)
  6996 | D:9      | Found a runed translucent gate.
  7172 | D:9      | Reached skill level 10 in Armour
  7481 | D:9      | Found the +18 Lear's hauberk
  7761 | D:9      | Killed vatarom's ghost
  7762 | D:9      | Reached XP level 11. HP: 84/101 MP: 10/10
  8215 | D:10     | Entered Level 10 of the Dungeon
  8222 | D:10     | Found a flagged portal.
  8235 | D:10     | Reached skill level 11 in Fighting
  8280 | D:10     | Identified the +7 halberd of Theory {heavy, rC+}
  8284 | Bailey   | Entered a bailey
  8449 | Bailey   | Reached skill level 10 in Dodging
  8522 | Bailey   | Noticed an orc knight
  8522 | Bailey   | Noticed an orc knight
  8535 | Bailey   | Killed an orc knight
  8536 | Bailey   | Killed an orc knight
  8539 | Bailey   | Identified the +1 executioner's axe of Insomnia {flame,
                  | *Corrode rF+++ Will- Str+8}
  8895 | D:10     | Found a staircase to the Lair.
  8981 | D:10     | Received a gift from Trog
  9120 | D:10     | Noticed dxctxrx's ghost (journeyman MfBr)
  9124 | D:10     | Found a runed translucent door.
  9252 | D:10     | Reached skill level 12 in Fighting
  9540 | D:10     | Found Miwan's Serpentskin Sales.
  9691 | D:10     | Killed dxctxrx's ghost
  9919 | D:11     | Noticed a two-headed ogre
  9922 | D:11     | Killed a two-headed ogre
  9996 | D:11     | Found a staircase to the Orcish Mines.
  9998 | D:11     | Noticed a two-headed ogre
  9998 | D:11     | Noticed a boulder beetle
 10010 | D:11     | Reached XP level 12. HP: 101/113 MP: 11/11
 10016 | D:11     | Killed a two-headed ogre
 10041 | D:11     | Killed a boulder beetle
 10212 | D:11     | Found Donnuxex's Weapon Shop.
 10865 | D:12     | Noticed a two-headed ogre
 10872 | D:12     | Killed a two-headed ogre
 11491 | D:13     | Noticed a centaur warrior
 11503 | D:13     | Killed a centaur warrior
 11504 | D:13     | Reached skill level 1 in Shields
 11520 | D:13     | Noticed a centaur warrior
 11527 | D:13     | Killed a centaur warrior
 11528 | D:13     | Reached skill level 13 in Fighting
 11640 | D:13     | Noticed a centaur warrior
 11649 | D:13     | Killed a centaur warrior
 11918 | D:13     | Noticed a vault guard
 11918 | D:13     | Noticed a vault guard
 11918 | D:13     | Noticed a vault guard
 11919 | D:13     | Found a gate to the Vaults.
 11919 | D:13     | Noticed a vault guard
 11919 | D:13     | Noticed a vault guard
 11919 | D:13     | Noticed a vault guard
 11919 | D:13     | Noticed a vault guard
 11920 | D:13     | Noticed a vault guard
 11932 | D:13     | Killed a vault guard
 11939 | D:13     | Killed a vault guard
 11939 | D:13     | Killed a vault guard
 11943 | D:13     | Killed a vault guard
 11945 | D:13     | Killed a vault guard
 11950 | D:13     | Killed a vault guard
 11951 | D:13     | Reached XP level 13. HP: 55/122 MP: 12/12
 12431 | D:14     | Reached skill level 5 in Shields
 12534 | D:14     | Identified the ring "Jocat" {rF+ rC++}
 12731 | D:14     | Reached skill level 14 in Fighting
 13282 | D:15     | Entered Level 15 of the Dungeon
 13487 | D:15     | Noticed a fire dragon
 13499 | D:15     | Killed a fire dragon
 13539 | D:15     | Found a staircase to the Depths.
 13619 | D:15     | Found a shimmering blue altar of Sif Muna.
 13644 | D:15     | Received a gift from Trog
 14103 | Lair:1   | Entered Level 1 of the Lair of Beasts
 14378 | Lair:1   | Found a transporter.
 14380 | Lair:1   | Found a transporter.
 14505 | Lair:1   | Reached XP level 14. HP: 131/133 MP: 13/13
 14774 | Lair:1   | Reached skill level 15 in Fighting
 14774 | Lair:1   | Reached skill level 15 in Axes
 14774 | Lair:1   | Reached XP level 15. HP: 141/141 MP: 14/14
 15603 | Lair:2   | Found a staircase to the Snake Pit.
 15719 | Lair:2   | Reached skill level 15 in Armour
 15898 | Lair:2   | Found a staircase to the Swamp.
 16382 | Lair:3   | Identified the +0 chain mail "Zoxufim" {Dex+5}
 17128 | Lair:4   | Identified the +10 whip of Severance {pain, rCorr}
 17590 | Lair:5   | Entered Level 5 of the Lair of Beasts
 18520 | Lair:5   | Found a viscous altar of Jiyva.
 18521 | Lair:5   | Found a staircase to the Slime Pits.
 18589 | Lair:5   | Reached skill level 10 in Shields
 18591 | Lair:5   | Reached skill level 16 in Fighting
 18669 | Lair:5   | Identified the +2 broad axe of Maefup {heavy, rElec rC+}
                  | (Trog gifted it to you on level 5 of the Lair of Beasts)
 18669 | Lair:5   | Received a gift from Trog
 19052 | Lair:5   | Reached ****** piety under Trog
 19549 | Orc:1    | Entered Level 1 of the Orcish Mines
 19740 | Orc:1    | Received a gift from Trog
 19742 | Orc:1    | Reached XP level 16. HP: 151/151 MP: 15/15
 20011 | Orc:1    | Identified the +1 shortbow of Ozaxud {elec, rC+}
 20217 | Orc:1    | Reached skill level 15 in Dodging
 20548 | Orc:2    | Entered Level 2 of the Orcish Mines
 20548 | Orc:2    | Found a staircase to the Elven Halls.
 20548 | Orc:2    | Found a radiant altar of Vehumet.
 20713 | Orc:2    | Found Xumped's Armour Shop.
 20749 | Orc:2    | Received a gift from Trog
 20786 | Orc:2    | Paralysed by an orc sorcerer for 4 turns
 21445 | Orc:2    | Found Upnocioq's Jewellery Shop.
 21445 | Orc:2    | Found Vudud's Antique Weapon Shoppe.
 21486 | Orc:2    | Found Buqames's Armour Shop.
 21486 | Orc:2    | Found Quyz's General Store.
 21547 | Orc:2    | Received a gift from Trog
 21550 | Orc:2    | Found Xumped's Armour Shop.
 21776 | Orc:2    | Found a staircase to the Elven Halls.
 21816 | Orc:2    | Found a radiant altar of Vehumet.
 21895 | Orc:2    | Found Buqames's Armour Shop.
 21895 | Orc:2    | Found Quyz's General Store.
 21926 | Orc:2    | Found Upnocioq's Jewellery Shop.
 21926 | Orc:2    | Found Vudud's Antique Weapon Shoppe.
 21993 | Orc:2    | Bought an amulet of reflection for 360 gold pieces
 22252 | Swamp:1  | Entered Level 1 of the Swamp
 22798 | Swamp:1  | Reached skill level 17 in Fighting
 22800 | Swamp:1  | HP: 11/232 [goliath frog (18)]
 22800 | Swamp:1  | HP: 2/232 [acid (9)]
 22801 | Swamp:1  | Mangled by a goliath frog

Illustrated notes

Levels and vault maps discovered:
D:1:      kennysheep_arrival_seaside, layout_basic, serial_shops, shop_fountains
D:2:      layout_basic, minmay_misc_feat_enclosed, uniq_sigmund
D:3:      layout_basic, serial_shops, shop
D:4:      layout_gridville, minitemple, grunt_ministairs_5
D:5:      minmay_clustersquares, layout_loops_corners
D:6:      layout_cave_pools, serial_rivers, chequers_serial_rivers_room_b,
          chequers_serial_rivers_micro_a, chequers_serial_rivers_micro_a,
          chequers_serial_rivers_marsh, minmay_ogre_servants
D:7:      layout_rooms, minmay_temple_entry_poolview, st_stairs_7, uniq_joseph
D:8:      layout_basic
D:9:      layout_loops_cross, biasface_ghost_orc_armoury, serial_bayou,
          serial_bayou_shore_a, serial_bayou_pond_e, serial_bayou_shore_b,
          serial_bayou_pond_e, palyth_stone_intersect, minmay_misc_feat_encased,
          hellmonk_guarded_unrand_lears
D:10:     layout_loops_ring, minmay_lair_entry_grove, hellmonk_ghost_big_iron,
          enter_bailey_2, kennysheep_small_spiral, guppyfry_shop_venom
D:11:     layout_loops_ring, orc_david_3, lemuel_flamethrower_2
D:12:     layout_small_grid
D:13:     layout_basic, erik_vaults_2
D:14:     layout_gridville, nicolae_fountain_basement
D:15:     grunt_enter_depths_hoard, layout_gridville, led_sif_pool
Lair:1:   gammafunk_boulding_lane, layout_hall_layers, minmay_shattered_shrine
Lair:2:   layout_layer_cave, skrybe_swamp_entry_bodies, dummy_snake_entry,
          serial_bayou_shore_b, grunt_megastairs_4
Lair:3:   layout_roguey
Lair:4:   layout_regular_city
Lair:5:   minmay_lair_end_enchanted_forest, layout_regular_city, slime_entry_1,
          serial_bayou, serial_bayou_pond_e, serial_bayou_lagoon_b,
          serial_bayou_pond_d, serial_bayou_pond_b, serial_bayou_shore_b,
          nicolae_lair_grazing_beasts [nicolae_sub_lair_graze_edge,
          nicolae_sub_lair_graze_edge, nicolae_sub_lair_graze_edge,
          nicolae_sub_lair_graze_edge]
Swamp:1:  layout_falls_marsh, evilmike_swamp_ruin_house_3,
          infiniplex_staircase_pool
Swamp:2:  layout_basic_swamp, evilmike_swamp_ruin_house_4,
          nicolae_swamp_nymph_family_reunion, uniq_roxanne, uniq_frances,
          uniq_louise
Orc:1:    nicolae_orc_accident_3, layout_caves, minmay_orc_treasury
Orc:2:    st_orc_town, layout_caves, basic_altar, abandoned_shop,
          guppyfry_orc_lava_fort

Skill      XL: |  1  2  3  4  5  6  7  8  9 10 11 12 13 14 15 16 |
---------------+-------------------------------------------------+-----
Fighting       | 4 5 6 8 9 10 12 13 14 15 16 17 | 17.0
Axes           | 4 5 6 8 9 10 12 13 14 15 16 | 16.9
Armour         | 3 4 5 7 8 10 11 13 14 16 | 16.7
Dodging        | 3 4 5 6 8 9 11 12 13 14 15 | 15.4
Shields        | 4 7 8 10 11 | 11.7

Action                     |  1- 3 |  4- 6 |  7- 9 | 10-12 | 13-15 | 16-18 || total
---------------------------+-------+-------+-------+-------+-------+-------++-------
  Melee: Hand axe          |    15 |   119 |       |       |       |       ||   134
         Headbutt          |     6 |    27 |    41 |    87 |   131 |    56 ||   348
         Punch             |       |     2 |     2 |     1 |       |       ||     5
         War axe           |       |    46 |   239 |       |       |       ||   285
         Broad axe         |       |       |     5 |   215 |   119 |   313 ||   652
         Battleaxe         |       |       |       |   157 |   440 |    11 ||   608
  Throw: Dart              |       |       |       |     3 |       |       ||     3
 Invoke: Berserk           |     2 |     2 |     3 |     8 |     5 |     5 ||    25
         Brothers in Arms  |       |       |       |     4 |     2 |     1 ||     7
         Trog's Hand       |       |       |       |     3 |     1 |     2 ||     6
    Use: Scroll            |       |       |       |    10 |    20 |     4 ||    34
         Potion            |       |       |       |       |     1 |       ||     1
   Stab: Distracted        |       |       |       |       |       |     1 ||     1
 Armour: Plate armour      |       |    84 |       |       |       |    40 ||   124
         Animal skin       |       |    13 |       |       |       |       ||    13
         Ring mail         |       |     3 |    31 |       |       |       ||    34
         Chain mail        |       |       |    65 |   165 |   339 |   128 ||   697
  Dodge: Dodged            |    17 |    74 |   189 |   355 |   334 |   133 ||  1102
  Block: Tower shield      |       |       |       |       |    84 |   295 ||   379
